 Dungeon Crawl Stone Soup version 0.27-a0-1147-gb3d8e82157 (webtiles) character file.

Game seed: 17188086970586185733

84720 Vomitron the Warrior (level 15, 0/167 HPs)
             Began as an Ogre Earth Elementalist on May 11, 2021.
             Was the Champion of Kikubaaqudgha.
             Slain by a wolf spider (9 damage)
             ... on level 1 of the Spider Nest on May 12, 2021.
             The game lasted 01:20:42 (34436 turns).

Vomitron the Warrior (Ogre Earth Elementalist)     Turns: 34436, Time: 01:20:43

Health: 0/167      AC:  2    Str: 16    XL:     15   Next: 81%
Magic:  20/42      EV:  7    Int: 26    God:    Kikubaaqudgha [******]
Gold:   1982       SH: 15    Dex:  9    Spells: 14/41 levels left

rFire    . . .     SeeInvis .   W - +7 demon whip (pain)
rCold    . . .     Faith    .   C - +0 tower shield
rNeg     . . .     Spirit   .   J - +0 acid dragon scales
rPois    +         Reflect  .   D - +3 hat of Pondering {ponderous, Will+ MP+10 Int+5}
rElec    .         Harm     .   (no cloak)
rCorr    +         Rampage  .   (gloves unavailable)
Will     ++...                  (boots unavailable)
Stlth    +.........             (no amulet)
HPRegen  0.37/turn              E - +4 ring of protection
MPRegen  0.28/turn              c - ring of poison resistance

@: corroded, slow
A: large, unfitting armour, tough skin 1
a: Renounce Religion, Receive Corpses, Torment


You were on level 1 of the Spider Nest.
You worshipped Kikubaaqudgha.
Kikubaaqudgha was exalted by your worship.
You visited 4 branches of the dungeon, and saw 20 of its levels.

You collected 3166 gold pieces.
You spent 1184 gold pieces at shops.

Inventory:

Hand Weapons
 V - the +10 giant spiked club of the Land of Plenty {freeze, rC- Int+7 Dex+4}
   (You found it on level 6 of the Lair of Beasts)

   It has been specially enchanted to freeze those struck by it, causing extra
   injury to most foes and up to half again as much damage against particularly
   susceptible opponents.
   It can also slow down cold-blooded creatures.
   It affects your intelligence (+7).
   It affects your dexterity (+4).
   It makes you vulnerable to cold.
 W - a +7 demon whip of pain (weapon)
Missiles
 b - 445 stones
 w - 5 throwing nets
 Q - 8 boomerangs of dispersal
Armour
 C - a +0 tower shield (worn)
 D - the +3 hat of Pondering (worn) {ponderous, Will+ MP+10 Int+5}
   (You took it off Gastronok on level 8 of the Dungeon)

   It affects your intelligence (+5).
   It affects your magic capacity (+10).
   It increases your willpower.
 J - +0 acid dragon scales (worn)
Magical Staves
 O - a staff of earth
Jewellery
 a - a ring of magical power
 c - a ring of poison resistance (right hand)
 r - a ring of ice
 t - a ring of protection from cold
 E - a +4 ring of protection (left hand)
 I - a ring of resist corrosion
 M - a +4 ring of evasion
Wands
 d - a wand of mindburst (17)
 f - a wand of polymorph (19)
 s - a wand of charming (7)
 x - a wand of acid (18)
 B - a wand of paralysis (22)
 S - a wand of flame (13)
Scrolls
 e - 9 scrolls of teleportation
 g - a scroll of brand weapon
 k - 2 scrolls of silence {unknown}
 l - 2 scrolls of fear
 o - a scroll of identify
 u - 5 scrolls of vulnerability
 G - 3 scrolls of noise
 K - 4 scrolls of enchant armour
 L - 2 scrolls of magic mapping
 N - 4 scrolls of fog
 T - 2 scrolls of amnesia
 U - a scroll of torment
Potions
 h - 4 potions of might
 i - 11 potions of curing
 j - a potion of ambrosia
 n - a potion of resistance {unknown}
 p - a potion of magic
 q - 4 potions of flight
 v - 4 potions of berserk rage
 z - a potion of haste
 A - 2 potions of heal wounds
 H - 5 potions of attraction
 P - a potion of brilliance
 R - a potion of invisibility
Miscellaneous
 m - a lightning rod (4/4)


   Skills:
 + Level 15.5 Fighting
 - Level 4.2 Maces & Flails
 - Level 1.7 Dodging
 - Level 1.4 Stealth
 + Level 8.9 Shields
 + Level 13.6 Spellcasting
 - Level 4.0 Conjurations
 + Level 12.7 Necromancy
 - Level 0.8 Transmutations
 + Level 1.1 Fire Magic
 - Level 11.0 Earth Magic


You had 14 spell levels left.
You knew the following spells:

 Your Spells              Type           Power      Damage    Failure   Level
a - Sandblast             Erth           100%       2d20      1%          1
b - Stone Arrow           Conj/Erth      100%       3d13      2%          3
c - Vampiric Draining     Necr           35%        2d11      1%          3
d - Animate Dead          Necr           35%        N/A       1%          4
e - Borgnjor's Vile Clut  Necr/Erth      34%        N/A       3%          5
f - Sublimation of Blood  Necr           35%        N/A       1%          2
g - Agony                 Necr           70%        N/A       2%          5
h - Sticky Flame          Conj/Fire      31%        2d5       50%         4

Your spell library contained the following spells:

 Spells                   Type           Power      Damage    Failure   Level
 Animate Skeleton         Necr           100%       N/A       1%          1
 Pain                     Necr           100%       1d9       1%          1
 Dispel Undead            Necr           70%        3d24      1%          4
 Passwall                 Tmut/Erth      40%        N/A       2%          2
 Lee's Rapid Deconstruct  Erth           33%        3d18*     4%          5
 Foxfire                  Conj/Fire      100%       2x1d9     6%          1
 Petrify                  Tmut/Erth      48%        N/A       14%         4
 Death Channel            Necr           35%        N/A       14%         6
 Apportation              Tloc           34%        N/A       17%         1
 Corona                   Hex            18%        N/A       17%         1
 Summon Small Mammal      Summ           68%        N/A       17%         1
 Conjure Flame            Conj/Fire      31%        6-21      17%         3
 Dazzling Flash           Conj/Hex       56%        N/A       22%         3
 Ensorcelled Hibernation  Hex/Ice        34%        N/A       26%         2
 Inner Flame              Hex/Fire       20%        N/A       36%         3
 Confusing Touch          Hex            17%        N/A       45%         3
 Tukima's Dance           Hex            17%        N/A       45%         3
 Fireball                 Conj/Fire      15%        3d8       85%         5
 Simulacrum               Ice/Necr       25%        N/A       88%         6


Dungeon Overview and Level Annotations

Branches:
Dungeon (11/15)            Temple (0/1) D:6            Lair (6/6) D:8
  Swamp (0/4) Lair:4       Spider (1/4) Lair:2        Slime (0/5) Lair:6
    Orc (2/2) D:10            Elf (0/3) Orc:2

Altars:
Ashenzari
Cheibriados
Dithmenos
Hepliaklqana
Kikubaaqudgha
Makhleb
Qazlal
Ru
Sif Muna
Xom
Zin
Beogh

Shops:
D:8 *   Orc:1 ?   Orc:2 ([=*

Portals:
Hell: Lair:6

Annotations:
Lair:1 3 runed translucent doors, Belboz's ghost, novice TrMo
Lair:5 exclusion: oklob plant
Lair:6 exclusion: oklob plant


Innate Abilities, Weirdness & Mutations

You are too large for most types of armour.
You have tough skin. (AC +1)


Message History

You start resting.
A wolf spider is nearby!
Casting: Sandblast (safe; 1% risk of failure)
Confirm with . or Enter, or press ? or * to list all spells.
Aiming: Sandblast (safe; 1% risk of failure)
Press: ? - help, Shift-Dir - straight line, f - wolf spider
Aim: a wolf spider (84% to hit)
The blast of sand hits the wolf spider!
The wolf spider is moderately wounded.
Unknown command.
Unknown command.
Casting: Sandblast (safe; 1% risk of failure)
Confirm with . or Enter, or press ? or * to list all spells.
You can't see any susceptible monsters within range! (Use Z to cast anyway.)
Casting: Sandblast (safe; 1% risk of failure)
Confirm with . or Enter, or press ? or * to list all spells.
Aiming: Stone Arrow (mildly dangerous; 2% risk of failure)
Press: ? - help, Shift-Dir - straight line, f/p - wolf spider
Aim: a wolf spider (moderately wounded, 78% to hit)
The stone arrow hits the wolf spider!
The wolf spider is heavily wounded.
You block the wolf spider's attack. The wolf spider bites you!
* * * LOW HITPOINT WARNING * * *
Unknown command.
Casting: Stone Arrow (mildly dangerous; 2% risk of failure)
Confirm with . or Enter, or press ? or * to list all spells.
Aiming: Sandblast (safe; 1% risk of failure)
Press: ? - help, Shift-Dir - straight line, f/p - wolf spider
Aim: a wolf spider (heavily wounded, 84% to hit)
The blast of sand hits the wolf spider!!
The wolf spider is almost dead.
You block the wolf spider's attack. The wolf spider bites you!
* * * LOW HITPOINT WARNING * * *
Unknown command.
Unknown command.
You feel much better. The wolf spider hits you!!
* * * LOW HITPOINT WARNING * * *
The wolf spider bites you!
You die...
Kikubaaqudgha rasps: "You have failed me!
Welcome... death!"

####.....####### #^##
##.....#..#.######...#
######.†.###...#.##.#^.#
#.#..#..####.....#...^.#
#...##.†..#......#...####
#....#...##[.##.......#.####
#.#..#..##....#...#...†...#.
####....###...#####>........
##...#^.@....# ####.^....
##.†##s.....# #..####
##.....#..## ##.#...
#...#.#.## ####.. #.#.#####
##. ##### ##


You could see a wolf spider.

Vanquished Creatures
  Gastronok (D:8)
  2 orc warlords
  An entropy weaver (Spider:1)
  A dire elephant (Lair:6)
  Harold (D:8)
  A catoblepas (Lair:2)
  5 boulder beetles
  7 hydras
  2 centaur warriors (D:11)
  4 two-headed ogres
  5 death yaks (Lair:6)
  An orc high priest (Orc:2)
  Nergalle (Orc:1)
  A sixfirhy (Lair:6)
  A wizard (Lair:6)
  A swamp dragon (Lair:4)
  3 orc knights (Orc:2)
  An ugly thing (D:11)
  A wolf spider (Spider:1)
  2 orb spiders
  3 orc sorcerers (Orc:2)
  A manticore (D:11)
  2 cyclopes (D:11)
  14 elephants
  5 black mambas
  3 orange demons (Lair:6)
  14 cane toads
  A smoke demon (Lair:6)
  3 unseen horrors (D:11)
  4 komodo dragons
  A kobold demonologist (D:11)
  5 rime drakes
  A demonic crawler (Spider:1)
  An efreet (D:11)
  An ice devil (Lair:6)
  A red devil (Lair:6)
  6 trolls
  5 jumping spiders (Spider:1)
  A polar bear (Lair:3)
  A hornet (D:10)
  2 slime creatures (Lair:6)
  7 dream sheep (Lair:6)
  24 blink frogs
  11 redbacks (Spider:1)
  A meliai zombie (D:11)
  A tarantella (Spider:1)
  2 wyverns
  5 wraiths (D:11)
  47 yaks
  4 basilisks
  2 vampire mosquitoes
  9 wargs
  4 acid dragons
  24 water moccasins
  5 hell hounds (Lair:6)
  A hornet zombie (D:6)
  28 orc warriors
  2 ice beasts (D:6)
  5 ogres
  4 black bears
  3 necrophages
  2 sky beasts
  21 wolves
  11 centaurs
  2 phantoms (D:5)
  A kobold brigand (D:10)
  18 bullfrogs
  A wyvern zombie (D:8)
  3 scorpions
  3 killer bees (D:11)
  A vampire bat (Lair:1)
  12 wights
  A howler monkey (D:6)
  An electric eel (D:6)
  5 hounds (D:5)
  3 jellies
  16 orc priests
  2 centaur skeletons
  8 centaur zombies
  3 gnoll shamans
  3 iguanas
  26 orc wizards
  A scorpion zombie (D:5)
  5 hell rats (Lair:3)
  A killer bee zombie (D:6)
  2 howler monkey zombies
  25 gnolls
  5 adders
  2 shadow imps
  3 white imps
  4 ufetubi
  2 dart slugs
  66 orcs
  12 endoplasms
  5 giant cockroaches
  5 goblins
  3 hobgoblins
  5 jackals
  10 kobolds
  4 quokkas (D:1)
  9 ball pythons
  10 bats
  4 frilled lizards
  5 rats
  A butterfly (Lair:5)
638 creatures vanquished.

Vanquished Creatures (collateral kills)
  A hydra (Lair:3)
  An orc sorcerer (Orc:2)
  An elephant (Lair:6)
  A polar bear (Lair:6)
  3 yaks
  An orc warrior (Orc:1)
  A bullfrog (Lair:1)
  3 orc priests
  An orc wizard (Orc:2)
  A hell rat (Lair:3)
  3 orcs
17 creatures vanquished.

Vanquished Creatures (others)
  A shadow (D:11)
  An orc priest (Orc:2)
  An orc wizard (Orc:2)
  A bush (Lair:6)
  44 fungi
  53 plants
101 creatures vanquished.

Grand Total: 756 creatures vanquished

Notes
Turn   | Place    | Note
-------+----------+-------------------------------------------
     0 | D:1      | Vomitron the Ogre Earth Elementalist began the quest for
                  | the Orb.
     0 | D:1      | Reached XP level 1. HP: 16/16 MP: 3/3
   463 | D:1      | Reached XP level 2. HP: 15/26 MP: 5/5
   613 | D:1      | Reached skill level 1 in Fighting
  1181 | D:1      | Reached XP level 3. HP: 33/33 MP: 7/7
  1980 | D:2      | Found a faded altar of an unknown god.
  1987 | D:2      | Became a worshipper of Kikubaaqudgha
  1987 | D:2      | Reached * piety under Kikubaaqudgha
  1987 | D:2      | Identified Kikubaaqudgha's Handbook of Darkness
                  | (Kikubaaqudgha gifted it to you on level 2 of the Dungeon)
  1987 | D:2      | Received a gift from Kikubaaqudgha
  1993 | D:2      | Learned a level 3 spell: Stone Arrow
  1997 | D:2      | Learned a level 3 spell: Vampiric Draining
  2496 | D:3      | Reached skill level 2 in Fighting
  2496 | D:3      | Reached XP level 4. HP: 38/42 MP: 6/8
  2851 | D:3      | Reached skill level 1 in Necromancy
  2853 | D:3      | Reached ** piety under Kikubaaqudgha
  2854 | D:3      | Reached skill level 1 in Conjurations
  2854 | D:3      | Reached XP level 5. HP: 40/50 MP: 0/10
  3224 | D:3      | Found a shimmering altar of Xom.
  3657 | D:4      | Reached skill level 3 in Fighting
  3911 | D:4      | Reached XP level 6. HP: 51/61 MP: 8/11
  4534 | D:4      | Noticed a necrophage
  4537 | D:4      | Killed a necrophage
  4646 | D:4      | Noticed a necrophage
  4650 | D:4      | Killed a necrophage
  4651 | D:4      | Reached skill level 4 in Fighting
  4651 | D:4      | Reached XP level 7. HP: 70/70 MP: 5/13
  5374 | D:5      | Entered Level 5 of the Dungeon
  5766 | D:5      | Reached skill level 5 in Fighting
  5766 | D:5      | Reached XP level 8. HP: 80/80 MP: 8/15
  6009 | D:5      | Reached skill level 5 in Spellcasting
  6530 | D:5      | Reached skill level 5 in Earth Magic
  6923 | D:5      | Reached *** piety under Kikubaaqudgha
  6923 | D:5      | Identified Kikubaaqudgha's Collected Works on Evil Secrets
                  | (Kikubaaqudgha gifted it to you on level 5 of the Dungeon)
  6923 | D:5      | Received a gift from Kikubaaqudgha
  6930 | D:5      | Learned a level 4 spell: Animate Dead
  7484 | D:5      | Reached skill level 6 in Fighting
  8178 | D:6      | Found a sacrificial altar of Ru.
  8183 | D:6      | Found a stormy altar of Qazlal.
  8185 | D:6      | Found a shimmering blue altar of Sif Muna.
  8309 | D:6      | Reached XP level 9. HP: 92/92 MP: 5/18
  8495 | D:6      | Found a shadowy altar of Dithmenos.
  8923 | D:6      | Found a staircase to the Ecumenical Temple.
  8978 | D:6      | Identified a scroll of acquirement
  8978 | D:6      | Acquired 843 gold pieces
  9033 | D:7      | Reached skill level 7 in Fighting
  9148 | D:7      | Reached skill level 5 in Necromancy
 10511 | D:7      | Found a broken altar of Ashenzari.
 10798 | D:8      | Reached **** piety under Kikubaaqudgha
 10963 | D:8      | Learned a level 5 spell: Borgnjor's Vile Clutch
 10966 | D:8      | Learned a level 2 spell: Sublimation of Blood
 11230 | D:8      | Found Xass's Elemental Accessories.
 11243 | D:8      | Bought a lightning rod (4/4) for 420 gold pieces
 11332 | D:8      | Found a hazy altar of Hepliaklqana.
 11447 | D:8      | Reached skill level 8 in Fighting
 11618 | D:8      | Reached XP level 10. HP: 104/104 MP: 13/20
 11659 | D:8      | Noticed Gastronok
 12272 | D:8      | Killed Gastronok
 12273 | D:8      | Reached skill level 9 in Fighting
 12492 | D:8      | Noticed Harold
 12500 | D:8      | Killed Harold
 12870 | D:8      | Found a staircase to the Lair.
 12942 | D:9      | Found a snail-covered altar of Cheibriados.
 13115 | D:9      | Reached XP level 11. HP: 113/115 MP: 17/23
 13650 | D:9      | Learned a level 5 spell: Agony
 13670 | D:9      | Found an ancient bone altar of Kikubaaqudgha.
 13905 | D:10     | Entered Level 10 of the Dungeon
 14119 | D:10     | Noticed a two-headed ogre
 14124 | D:10     | Killed a two-headed ogre
 14146 | D:10     | Found a staircase to the Orcish Mines.
 14227 | D:10     | Reached skill level 10 in Fighting
 14438 | D:10     | Noticed a two-headed ogre
 14459 | D:10     | Killed a two-headed ogre
 14945 | D:10     | Found a glowing silver altar of Zin.
 15947 | Lair:1   | Entered Level 1 of the Lair of Beasts
 15990 | Lair:1   | Reached skill level 1 in Shields
 16072 | Lair:1   | Reached skill level 11 in Fighting
 16072 | Lair:1   | Reached XP level 12. HP: 108/130 MP: 11/25
 16765 | Lair:1   | Found a runed translucent gate.
 16766 | Lair:1   | Found a runed translucent gate.
 16767 | Lair:1   | Found a runed translucent gate.
 16768 | Lair:1   | Noticed Belboz's ghost (novice TrMo)
 16900 | Lair:1   | Reached skill level 10 in Spellcasting
 17204 | Lair:1   | Reached skill level 10 in Necromancy
 17654 | Lair:2   | Found a hole to the Spider Nest.
 17692 | Lair:2   | Noticed a catoblepas
 17704 | Lair:2   | Killed a catoblepas
 18002 | Lair:2   | Reached ***** piety under Kikubaaqudgha
 18690 | Lair:3   | Noticed a seven-headed hydra
 18706 | Lair:3   | Killed a seven-headed hydra
 18707 | Lair:3   | Reached skill level 12 in Fighting
 19641 | Lair:3   | Reached XP level 13. HP: 140/140 MP: 27/27
 20106 | Lair:4   | Found a staircase to the Swamp.
 20523 | Lair:4   | Reached skill level 5 in Shields
 21168 | Lair:4   | Reached skill level 10 in Earth Magic
 21781 | Lair:5   | Reached skill level 13 in Fighting
 23071 | Lair:6   | Entered Level 6 of the Lair of Beasts
 24470 | Lair:6   | Reached XP level 14. HP: 140/153 MP: 29/29
 24697 | Lair:6   | Reached ****** piety under Kikubaaqudgha
 25312 | Lair:6   | Noticed a dire elephant
 25322 | Lair:6   | Killed a dire elephant
 25439 | Lair:6   | Reached skill level 14 in Fighting
 25812 | Lair:6   | Found a burning altar of Makhleb.
 26345 | Lair:6   | Found a gateway to Hell.
 26352 | Lair:6   | Identified the +9 hand axe "Xuqiadim" {drain, *Slow rN+
                  | Int+4 Stlth+}
 26544 | Lair:6   | Identified the +10 giant spiked club of the Land of Plenty
                  | {freeze, rC- Int+7 Dex+4}
 27116 | Lair:6   | Found a staircase to the Slime Pits.
 27579 | Lair:6   | Identified a +7 demon whip of pain (a +5 demon whip of
                  | venom bloodied by Kikubaaqudgha)
 27579 | Lair:6   | Received a gift from Kikubaaqudgha
 28022 | Orc:1    | Entered Level 1 of the Orcish Mines
 28032 | Orc:1    | Noticed an orc warlord
 28055 | D:10     | Reached skill level 1 in Maces & Flails
 28393 | Orc:1    | Killed an orc warlord
 29001 | Orc:1    | Found Tuserchet's Magic Scroll Shoppe.
 29010 | Orc:1    | Bought a scroll of teleportation for 39 gold pieces
 29010 | Orc:1    | Bought a scroll of identify for 26 gold pieces
 29010 | Orc:1    | Bought a scroll of teleportation for 39 gold pieces
 29010 | Orc:1    | Bought a scroll of fog for 26 gold pieces
 29010 | Orc:1    | Bought a scroll of teleportation for 39 gold pieces
 29181 | Orc:2    | Entered Level 2 of the Orcish Mines
 29433 | Orc:1    | Noticed Nergalle
 29439 | Orc:1    | Killed Nergalle
 29440 | Orc:1    | Reached XP level 15. HP: 122/159 MP: 31/31
 29796 | Orc:2    | Noticed an orc warlord
 30171 | Orc:2    | Killed an orc warlord
 30572 | Orc:2    | Found Vorghupa's Antique Weapon Emporium.
 30775 | Orc:2    | Found Mefooru's Antique Armour Emporium.
 30848 | Orc:2    | Found a burning altar of Makhleb.
 31086 | Orc:2    | Found Vagufyq's Jewellery Emporium.
 31105 | Orc:2    | Found Tazxug's General Store.
 31112 | Orc:2    | Bought a potion of curing for 42 gold pieces
 31112 | Orc:2    | Bought a potion of invisibility for 112 gold pieces
 31112 | Orc:2    | Bought a scroll of fog for 28 gold pieces
 31112 | Orc:2    | Bought a scroll of identify for 28 gold pieces
 31112 | Orc:2    | Bought a scroll of enchant armour for 105 gold pieces
 31138 | Orc:2    | Bought a ring of poison resistance for 280 gold pieces
 31433 | Orc:2    | Found a staircase to the Elven Halls.
 31811 | D:11     | Reached skill level 15 in Fighting
 33726 | Spider:1 | Entered Level 1 of the Spider Nest
 34067 | Spider:1 | Learned a level 4 spell: Sticky Flame
 34399 | Spider:1 | Reached skill level 1 in Fire Magic
 34435 | Spider:1 | HP: 7/167 [wolf spider (12)]
 34436 | Spider:1 | Slain by a wolf spider

Illustrated notes

Levels and vault maps discovered:
D:1:      shiori_arrival_maze, layout_basic, chequers_serial_rivers_small_b
D:2:      layout_rooms, hellmonk_ecumenical_altar_inner_sanctum,
          minmay_tetromino_t2
D:3:      layout_loops_ring, lemuel_round_altar, st_stairs_1
D:4:      layout_basic
D:5:      layout_basic
D:6:      layout_basic, grunt_temple_overflow_open,
          nicolae_dithmenos_the_darkroom, minmay_temple_entry_junction,
          minmay_misc_feat_iff, grunt_ministairs_4, minivault_14
D:7:      layout_basic, overflow_temple_1_default
D:8:      layout_rooms, marbit_many_paths, erik_lair_dragon,
          nicolae_elemental_shop, uniq_gastronok, uniq_harold
D:9:      layout_irregular_city, nicolae_overflow_hidden_temple,
          overflow_temple_1_default
D:10:     layout_stronghold, zin_academy, orc_0_dummy, serial_bayou_lagoon_a,
          solitary_fountain, minmay_increasing_density
D:11:     minmay_imperfect_grid, layout_basic
Lair:1:   layout_chaotic_city, gammafunk_ghost_necromancy, roderic_batcave,
          chequers_serial_rivers_micro_a
Lair:2:   layout_cave_shapes, nicolae_spider_entry_orb_guardian, st_stairs_12
Lair:3:   layout_chaotic_city, lemuel_fruit_tree
Lair:4:   layout_long_grid, minmay_swamp_entry_reptiles, nzn_sisyphean_effort
Lair:5:   layout_cave_pods, grunt_megastairs_5, lemuel_fruit_fields,
          serial_bayou_shore_a
Lair:6:   evil_forest, layout_gridlike, minmay_slime_entry_pillars,
          minmay_lair_oklob_chamber
Spider:1: layout_spider_delve, einodemon_crawler_minivault, uniq_agnes
Orc:1:    layout_caves, serial_shops, nicolae_shop_statue_plus, uniq_nergalle
Orc:2:    grunt_orc_cross, layout_caves, bloody_makhleb

Skill      XL: |  1  2  3  4  5  6  7  8  9 10 11 12 13 14 15 |
---------------+----------------------------------------------+-----
Earth Magic    | 3 4 5 6 7 8 9 10 11 | 11.0
Fighting       | 1 2 3 4 5 6 8 9 11 12 13 14 15 | 15.5
Spellcasting   | 3 4 6 7 8 9 10 11 12 13 | 13.6
Necromancy     | 1 2 3 4 6 8 9 10 11 12 | 12.7
Conjurations   | 1 2 3 4 |  4.0
Shields        | 1 4 6 7 8 |  8.9
Maces & Flails | 2 4 |  4.2
Fire Magic     | 1 |  1.1
Dodging        | |  1.7
Stealth        | |  1.4
Transmutations | |  0.8

Action                   |  1- 3 |  4- 6 |  7- 9 | 10-12 | 13-15 || total
-------------------------+-------+-------+-------+-------+-------++-------
Melee: Unarmed           |    23 |       |       |       |       ||    23
       Short sword       |   116 |    79 |    10 |   104 |   153 ||   462
       Halberd           |       |       |   106 |    12 |       ||   118
       Long sword        |       |       |       |    52 |       ||    52
       Demon whip        |       |       |       |       |   276 ||   276
 Cast: Sandblast         |    12 |    41 |    61 |    33 |    66 ||   213
       Stone Arrow       |       |    12 |   106 |    88 |   206 ||   412
       Vampiric Draining |       |       |     2 |     2 |       ||     4
       Borgnjor's Vile C |       |       |       |    70 |   166 ||   236
       Sublimation of Bl |       |       |       |     4 |     1 ||     5
       Animate Dead      |       |       |       |     7 |    18 ||    25
       Agony             |       |       |       |       |     9 ||     9
Invok: Receive Corpses   |       |       |       |       |     3 ||     3
       Torment           |       |       |       |       |     1 ||     1
       Brand Weapon With |       |       |       |       |     1 ||     1
  Use: Scroll            |       |       |    12 |     7 |    11 ||    30
       Potion            |       |       |       |     1 |     5 ||     6
 Stab: Sleeping          |     7 |     1 |       |       |       ||     8
       Distracted        |       |       |     1 |     1 |       ||     2
Armor: Robe              |    44 |    14 |    18 |    19 |       ||    95
       Acid dragon scale |       |       |       |   135 |   390 ||   525
Dodge: Dodged            |    87 |    47 |   122 |   178 |   227 ||   661
Block: Tower shield      |       |       |       |       |   411 ||   411
       Rpst.: Long sword |       |       |       |     9 |       ||     9

Table legend: (Time is in decaauts)
 A = Elapsed time spent in this place.
 B = Non-inter-level travel time spent in this place.
 C = Inter-level travel time spent in this place.
 D = Time resting spent in this place.
 E = Time spent auto-exploring this place.
 F = Levels seen in this place.
 G = Mean time per level.
                   A        B        C        D        E       F      G
               +--------+--------+--------+--------+--------+-----+--------+
         Total |  35625 |  33904 |   1721 |  13604 |  15519 |  20 | 1781.2 |
       Dungeon |  19021 |  18081 |    940 |   5995 |   9565 |  11 | 1729.2 |
          Lair |  12611 |  11928 |    683 |   5821 |   4626 |   6 | 2101.8 |
   Spider Nest |    672 |    672 |      0 |    320 |    176 |   1 |  672.0 |
  Orcish Mines |   3320 |   3224 |     96 |   1467 |   1151 |   2 | 1660.0 |
               +--------+--------+--------+--------+--------+-----+--------+

Top non-repeatable levels by time:
  Lair:6: 3868 daAuts
    D:10: 2554 daAuts
     D:5: 2544 daAuts
  Lair:5: 2272 daAuts
     D:7: 2264 daAuts
    D:11: 2123 daAuts
  Lair:2: 1891 daAuts
     D:8: 1891 daAuts
     D:1: 1883 daAuts
   Orc:2: 1825 daAuts
     D:4: 1666 daAuts
  Lair:3: 1653 daAuts
  Lair:1: 1571 daAuts
   Orc:1: 1494 daAuts
  Lair:4: 1354 daAuts
